[Event "Late-Titled-Tuesday-Blitz-November-28-2023"]
[Site "Chess.com"]
[Date "2023.11.28"]
[Round "9"]
[White "melissa_guez"]
[Black "egnfanclub"]
[Result "1-0"]
[WhiteElo "2252"]
[BlackElo "2321"]
[TimeControl "180+1"]
[EndTime "15:42:16 PST"]
[Termination "melissa_guez won by resignation"]

1. e4 e5 2. Nf3 Nc6 3. Bb5 a6 4. Ba4 d6 5. c3 f5 6. exf5 Bxf5 7. O-O Bd3 8. Re1 Be7 9. Bc2 Bxc2 10. Qxc2 Nf6 11.
d4 e4 12. Ng5 d5 13. Ne6 Qd7 14. Nxg7+ Kf7 15. Bh6 Bf8 16. Qd2 Bxg7 17. Bxg7 Kxg7 18. Qg5+ Kf7 19. Nd2 Rhg8 20. Qe3 Qg4 21. g3 Qh3 22. Nf1 Ne7 23. f3 Nf5 24. Qf4 Nd6 25. c4 Nxc4 26. fxe4 dxe4 27. Qxc7+ Kg6 28. Qc5 b6 29. Qxc4 Rac8 30. Qe2 Rgf8 31. Rac1 Rce8 32. Rc6 Kg7 33. Ne3 Kh8 34. Rxb6 Nh5 35. Qg2 Qc8 36. d5 Nf4 37. Qc2 Nh3+ 38. Kh1 Nf2+ 39. Kg1 Qh3 40.
Qc3+ Kg8 41. Rb7 Rf7 42. Rxf7 Kxf7 43. Kxf2 Qxh2+ 44. Ng2 Rf8 45. Rxe4 Kg6+ 46. Rf4 Rxf4+ 47. gxf4 h5 48. Qd3+ Kf7 49. Qf5+ Ke7 50. Qe5+ Kf7 51. Qe6+ Kf8 52. d6 h4 53. d7 Qg3+ 54. Kf1 Qd3+ 55.
Qe2 Qxd7 56. b3 h3 57. Nh4 Qd5 58. Ng6+ Kg7 59. Qe5+ Qxe5 60. Nxe5 1-0

[Event "Late-Titled-Tuesday-Blitz-November-28-2023"]
[Site "Chess.com"]
[Date "2023.11.28"]
[Round "9"]
[White "SanchezKelvin"]
[Black "GoltsevDmitry2000"]
[Result "0-1"]
[WhiteElo "2536"]
[BlackElo "2683"]
[TimeControl "180+1"]
[EndTime "15:42:17 PST"]
[Termination "GoltsevDmitry2000 won on time"]

1. e4 e6 2. d4 d5 3. Nd2 c5 4. exd5 exd5 5. Ngf3 Nf6 6. Bb5+ Nc6 7. O-O Be7 8. dxc5 Bxc5 9. Re1+ Be6 10. Nb3 Bb6 11. Nfd4 O-O 12. Bg5 Bd7 13. a4 a6 14. Bxc6 bxc6 15.
a5 Bc7 16. Nc5 Bc8 17. Nd3 h6 18. Bh4 Bd7 19. Nc5 Bc8 20. b4 Kh8 21. Qf3 g5 22. Nxc6 Qd6 23. Bg3 Qxc6 24. Bxc7 Bg4 25. Qc3 Kg8 26.
Be5 Nd7 27. Bd4 Nxc5 28. Qxc5 Qxc5 29. Bxc5 Rfe8 30. f3 Bf5 31. c3 Bd3 32. Kf2 Bc4 33. Bd4 Kh7 34. g4 Kg6 35. Rad1 f5 36. gxf5+ Kxf5 37. h3 Kg6 38. Be5 Re6 39. Bd4 Rae8 40. Rxe6+ Rxe6 41.
Re1 Rxe1 42. Kxe1 Kf5 43. Kf2 Kf4 44. Bf6 Bb5 45. Bd8 Bd7 46. h4 gxh4 47. Bxh4 h5 48. Bg3+ Kf5 49. Ke3 Bb5 50. Kd4 Bc4 51. Bc7 h4 52. Kc5 h3 53. b5 Bxb5 54. Kxd5 Be2 0-1

[Event "Late-Titled-Tuesday-Blitz-November-28-2023"]
[Site "Chess.com"]
[Date "2023.11.28"]
[Round "9"]
[White "sansanathalia"]
[Black "Alexei_Gubajdullin"]
[Result "0-1"]
[WhiteElo "2239"]
[BlackElo "2638"]
[TimeControl "180+1"]
[EndTime "15:42:17 PST"]
[Termination "Alexei_Gubajdullin won on time"]

1. d4 Nf6 2. Bg5 Ne4 3. Bf4 d5 4. f3 Nd6 5. Nc3 Nc4 6. b3 e5 7.
bxc4 exf4 8. Nxd5 c6 9. Nxf4 Bb4+ 10. Kf2 Bc3 11. Rb1 Bxd4+ 12. e3 Bb6 13. Qxd8+ Bxd8 14. Bd3 Na6 15. Nge2 Nc5 16. h4 h5 17. Nd4 g6 18. g3 Bf6 19. Be2 Ke7 20. Rhd1 Rd8 21. c3 Na4 22. Rbc1 Bd7 23. Rd2 Be8 24. Bd1 c5 25.
Nb3 Rxd2+ 26. Nxd2 Nb6 27. Nd5+ Nxd5 28. cxd5 b5 29.
c4 b4 30. Ne4 Rc8 31. d6+ Ke6 32. Bc2 Bd8 33. Rd1 f5 34. Nd2 Kxd6 35. Ne4+ Ke7 36. Nd6 Rb8 37. e4 fxe4 38. fxe4 Bc6 39. e5 Ke6 40.
Bxg6 Be7 41. Bxh5 Kxe5 42. Nf5 Kxf5 43. Be2 Bf6 44. g4+ Ke6 45. g5 Bd4+ 46. Kg3 Be5+ 47. Kg4 Rf8 48. Rf1 Rxf1 49. Bxf1 a5 50. Bd3 a4 51.
Bc2 b3 52. axb3 a3 53. Bb1 Be4 54. Ba2 Bf5+ 55. Kh5 Kf7 56. Kh6 Bg6 0-1

[Event "Late-Titled-Tuesday-Blitz-November-28-2023"]
[Site "Chess.com"]
[Date "2023.11.28"]
[Round "9"]
[White "Jospem"]
[Black "JSPrepz"]
[Result "0-1"]
[WhiteElo "3036"]
[BlackElo "2895"]
[TimeControl "180+1"]
[EndTime "15:42:18 PST"]
[Termination "JSPrepz won by checkmate"]

1. e4 e6 2. d4 d5 3. Nd2 Be7 4. Ngf3 Nf6 5. Bd3 c5 6. dxc5 dxe4 7. Bxe4 Bxc5 8. Bd3 O-O 9. Qe2 Be7 10. Ne4 Nbd7 11. O-O Qc7 12. Nxf6+ Nxf6 13. Ne5 b6 14. Bf4 Bd6 15.
Rad1 Bb7 16. Rfe1 Rad8 17. c3 h6 18. Bb1 Rfe8 19. Bg3 Qc5 20. Rd4 Be7 21. Rxd8 Rxd8 22. a3 Qd5 23. Nf3 Qc5 24. Be5 Nd7 25. Bg3 Qh5 26. Be4 Bxe4 27. Qxe4 Nc5 28. Qe2 Qd5 29.
Nd4 Bf6 30. Nf3 Nd3 31. Rb1 Qa2 32. Qc2 Bxc3 33. h3 Bf6 34. Kh2 Nc5 35. Be5 Qb3 36. Qe2 Bxe5+ 37. Nxe5 Qd5 38. Re1 f6 39. Nf3 e5 40. b4 Nd3 41. Rd1 e4 42. Nh4 Qe5+ 43. g3 Re8 44. Ng2 Qf5 45. Kg1 Ne5 46. Nf4 Nf3+ 47.
Kg2 Ng5 48. h4 Nf3 49. Qc4+ Kh8 50. Qc7 Ne5 51. Rd8 Rxd8 52. Qxd8+ Kh7 53. Qc7 e3 54. fxe3 Qe4+ 55. Kh2 Qxe3 56. Qc8 Qf2+ 57. Kh3 Qf1+ 58. Kh2 Nf3# 0-1

[Event "Late-Titled-Tuesday-Blitz-November-28-2023"]
[Site "Chess.com"]
[Date "2023.11.28"]
[Round "9"]
[White "NikolasTheiss"]
[Black "Chessbard1972"]
[Result "1-0"]
[WhiteElo "2550"]
[BlackElo "2394"]
[TimeControl "180+1"]
[EndTime "15:42:18 PST"]
[Termination "NikolasTheiss won on time"]

1. e4 c5 2. Nc3 a6 3. a4 Nc6 4. f4 e6 5. Nf3 d5 6. d3 Nf6 7. Qe2 Be7 8. h3 Nd4 9. Nxd4 cxd4 10.
Nd1 dxe4 11. dxe4 O-O 12. Nf2 b6 13. g3 Bb7 14. Bg2 Rc8 15. O-O Qc7 16. e5 Bxg2 17.
Kxg2 Qc6+ 18. Kh2 Nd5 19. Qxa6 Qxc2 20. Qd3 Nb4 21. Qd1 Rfd8 22. Bd2 Qxb2 23. Rb1 Qa3 24. Rb3 Qxa4 25. Rxb4 Qxd1 26. Rxd1 Bxb4 27. Bxb4 Rc2 28. Kg2 Rb2 29. Bd6 Rc8 30. Kf3 Rc3+ 31. Nd3 f6 32. Ke4 Rc4 33. Kf3 f5 34. g4 g6 35.
gxf5 gxf5 36. Kg3 Rb3 37. Kh4 h6 38. Kh5 Kf7 39. Kxh6 Rcc3 40. Nf2 Rf3 41. Rd2 b5 42. Kg5 Rg3+ 43. Kh4 Rgf3 44. Rc2 Rxf4+ 45. Kg5 Rff3 46.
Rc7+ Ke8 47. Kf6 Rxf2 48. Rc8+ Kd7 49. Rc7+ Kd8 50. Kxe6 Rc3 51. Rb7 d3 52. Rb8+ Rc8 53. Rxb5 d2 54. Rb1 Re2 55. Be7+ Kc7 56. Rd1 Kb7 57. Bd6 Rc1 58. Rxd2 Rxd2 59. Kxf5 Rh2 60. Kg4 Rg2+ 61. Kh4 Rgc2 62. e6 Re2 63. e7 1-0

[Event "Late-Titled-Tuesday-Blitz-November-28-2023"]
[Site "Chess.com"]
[Date "2023.11.28"]
[Round "9"]
[White "German_Bazeev"]
[Black "rasmussvane"]
[Result "1-0"]
[WhiteElo "2828"]
[BlackElo "2955"]
[TimeControl "180+1"]
[EndTime "15:42:24 PST"]
[Termination "German_Bazeev won by resignation"]

1. c4 e6 2. d4 d5 3. Nf3 a6 4. Nbd2 Nf6 5. g3 c5 6. cxd5 exd5 7. dxc5 Bxc5 8. Bg2 Nc6 9. O-O O-O 10. Nb3 Bb6 11. Nbd4 h6 12. b3 Bg4 13. Bb2 Rc8 14. Nxc6 bxc6 15. Bd4 Bxd4 16. Qxd4 c5 17. Qf4 Re8 18.
Rfe1 d4 19. h3 Be6 20. e4 a5 21. Nd2 a4 22. Rac1 axb3 23. axb3 Qb6 24. Bf1 Nd7 25.
Nc4 Bxc4 26. Bxc4 Ne5 27. Bd5 g5 28. Qf5 Kg7 29. Kh2 Qf6 30. Qxf6+ Kxf6 31. Red1 h5 32. f4 gxf4 33. gxf4 Ng6 34. Kg3 Ne7 35. Bc4 Rg8+ 36.
Kf3 h4 37. Rg1 Ng6 38. e5+ Ke7 39. Ra1 Rc7 40. Ke4 Rb8 41. f5 Nf8 42. Rg7 Ke8 43. Rag1 Re7 44. f6 Rd7 45. Rg8 d3 46. Rd1 Rd4+ 47.
Ke3 Kd7 48. Rxd3 Rxd3+ 49. Kxd3 Rd8 50. Bxf7 Kc6+ 51. Ke4 Rd4+ 52. Kf5 Nd7 53. Rc8+ Kb7 54. Rd8 Kc7 55. Rxd7+ Kxd7 56. e6+ Kc7 57. e7 Rd3 58. e8=Q Rd6 59. Qe7+ Kc6 60. Qxd6+ Kxd6 61. Bc4 1-0

[Event "Late-Titled-Tuesday-Blitz-November-28-2023"]
[Site "Chess.com"]
[Date "2023.11.28"]
[Round "9"]
[White "Likvidator228"]
[Black "Aleksandar-Topalov"]
[Result "1-0"]
[WhiteElo "2564"]
[BlackElo "2408"]
[TimeControl "180+1"]
[EndTime "15:42:25 PST"]
[Termination "Likvidator228 won on time"]

1. d4 Nf6 2. c4 c5 3. d5 d6 4. Nc3 g6 5. e4 Bg7 6. Nf3 O-O 7. Bd3 e6 8. O-O exd5 9. exd5 Bg4 10. h3 Bxf3 11.
Qxf3 Nfd7 12. Qd1 Ne5 13. Be2 f5 14. f4 Nf7 15. Bd3 Re8 16. Qf3 Nd7 17. g4 Bd4+ 18. Kg2 Qf6 19. Bd2 a6 20. a4 Re7 21. Rae1 Rae8 22.
Rxe7 Rxe7 23. Re1 Rxe1 24. Bxe1 fxg4 25. hxg4 Qe7 26. Bd2 Nf6 27. b3 Qd7 28. g5 Nh5 29. Ne4 Ng7 30. Ng3 Qe7 31. Qe4 Kf8 32. Kf3 b6 33.
Qxe7+ Kxe7 34. a5 bxa5 35. Bxa5 Kd7 36. Ke4 Ke7 37. Be2 Bf2 38. Kf3 Bxg3 39. Kxg3 Nf5+ 40. Kf2 Nd4 41. Bd1 h6 42. gxh6 Nxh6 43. Ke3 Nhf5+ 44.
Kd3 Kd7 45. b4 cxb4 46. Bxb4 Kc7 47. Bc3 Nb5 48. cxb5 axb5 49. Bd4 Ne7 50. Ke4 b4 51.
Ba4 Nf5 52. Bb2 Kb6 53. Be8 Nh4 54. Bf6 Nf5 55. Bxg6 Ng3+ 56. Kd3 Kc5 57. Bf7 b3 58. Bc3 1-0

[Event "Late-Titled-Tuesday-Blitz-November-28-2023"]
[Site "Chess.com"]
[Date "2023.11.28"]
[Round "9"]
[White "giomar27"]
[Black "GothamChess"]
[Result "0-1"]
[WhiteElo "2422"]
[BlackElo "2653"]
[TimeControl "180+1"]
[EndTime "15:42:28 PST"]
[Termination "GothamChess won by resignation"]

1. e4 d5 2. exd5 Qxd5 3. Nc3 Qa5 4. Bc4 Nf6 5. d4 Bf5 6. Bd2 c6 7. Nf3 e6 8. Nd5 Qd8 9. Nxf6+ gxf6 10. Bb3 Rg8 11.
Nh4 Be4 12. Qe2 f5 13. Qh5 Qf6 14. O-O-O Be7 15. Nf3 Nd7 16. h4 Rxg2 17. Rhg1 Qg6 18. Qxg6 Rxg6 19. Ng5 Bxg5 20. hxg5 O-O-O 21. Rg3 b5 22. a4 a6 23. c4 Nb6 24. Ba5 Nxc4 25. Bxc4 bxc4 26. Bxd8 Kxd8 27. f3 Bd5 28. f4 h6 29.
Rdg1 Ke7 30. gxh6 Rxh6 31. Rg7 Rh4 32. Rf1 Rh2 33. Rg3 Be4 34. Rc3 Bd3 35. Re1 Kd6 36. Rd1 Rf2 37. b3 Be4 38. bxc4 Rxf4 39. Rb3 Rf2 40. Rd2 Rf1+ 41. Kb2 Rb1+ 42. Kc3 Ra1 43. Kb4 f4 44. Rf2 f3 45. Re3 f5 46. Ka5 Rc1 47.
c5+ Kd5 48. Kxa6 Ra1 49. a5 Kxd4 50. Rb3 e5 51. Kb6 Kc4 52. Rbb2 f4 53. a6 Rxa6+ 54.
Kxa6 Kxc5 55. Rb3 Kd4 56. Kb6 c5 57. Rfb2 c4 58. Rb4 Bd3 59. Kc6 e4 60. Rb1 e3 61.
Rf1 Bxf1 62. Kb5 f2 63. Rb2 Bd3 64. Rb1 f1=N 0-1

[Event "Late-Titled-Tuesday-Blitz-November-28-2023"]
[Site "Chess.com"]
[Date "2023.11.28"]
[Round "9"]
[White "BogdanDeac"]
[Black "DuleMudule"]
[Result "1-0"]
[WhiteElo "2999"]
[BlackElo "2853"]
[TimeControl "180+1"]
[EndTime "15:42:33 PST"]
[Termination "BogdanDeac won by resignation"]

1. d4 d5 2. c4 Nc6 3. Nf3 Bg4 4. Nc3 e6 5. cxd5 exd5 6. Bg5 Be7 7. Bxe7 Ncxe7 8.
Qb3 Bxf3 9. gxf3 Nf6 10. O-O-O c6 11. Qxb7 Rb8 12. Qxa7 O-O 13. e4 Nh5 14. Bd3 Nf4 15.
Bc2 Qd6 16. e5 Qb4 17. Qa3 Qb7 18. Rhe1 Ra8 19. Na4 Ne6 20. f4 Nxf4 21. Qg3 Neg6 22. Nc5 Qb4 23. a3 Qa5 24. h4 Rfb8 25. Bxg6 Nxg6 26.
e6 Qb5 27. Rd2 Qc4+ 28. Kb1 fxe6 29. h5 Nf8 30. h6 g6 31. Rc1 Qb5 32. Rc3 Qb6 33. Qe5 Qa7 34. Rf3 Re8 35. Qf6 Qe7 36. Qe5 Nd7 37. Nxd7 Qxd7 38. Rc2 Reb8 39. Rxc6 Qb7 40.
Qxe6+ Kh8 41. Qe5+ Kg8 42. Qe6+ Kh8 43. Rc2 Re8 44.
Qf6+ Kg8 45. Ka2 Rad8 46. Rb3 Qd7 47. Rb6 Rb8 48. Qc6 Qf7 49. Rxb8 Rxb8 50. Qc8+ Qf8 51. Qxf8+ Kxf8 52. b4 Rb7 53. Kb3 Kf7 54. a4 Kf6 55. b5 g5 56. Kb4 Re7 57. a5 Re1 58. Ra2 Rb1+ 59. Kc5 g4 60. a6 Rc1+ 61. Kb6 g3 62. fxg3 Rc8 63. a7 1-0

[Event "Late-Titled-Tuesday-Blitz-November-28-2023"]
[Site "Chess.com"]
[Date "2023.11.28"]
[Round "9"]
[White "GHANDEEVAM2003"]
[Black "K_A_S_T_O_R"]
[Result "1-0"]
[WhiteElo "3122"]
[BlackElo "2897"]
[TimeControl "180+1"]
[EndTime "15:42:34 PST"]
[Termination "GHANDEEVAM2003 won by resignation"]

1. b3 d5 2. e3 Nf6 3. Bb2 Bf5 4. Nf3 e6 5. Nh4 Bg4 6. Be2 Bxe2 7. Qxe2 c6 8. O-O Nbd7 9. d3 Bd6 10. f4 O-O 11.
Nd2 Qc7 12. g4 g6 13. Kh1 e5 14. f5 g5 15. Nhf3 h6 16. e4 d4 17. h4 Nh7 18. Kg2 f6 19. Rh1 Kg7 20. Nf1 Rh8 21. Ng3 Rag8 22. Rh3 gxh4 23. Nxh4 Ng5 24. Rh2 Nf8 25.
Rah1 Kf7 26. Bc1 Ke8 27. Nf3 Nf7 28. Rh4 Be7 29. a4 Kd8 30. Ng1 Qa5 31. Bxh6 Nxh6 32. Rxh6 Rxh6 33. Rxh6 Qc3 34. Nh3 Qa1 35. g5 Qc1 36.
Qf2 Nd7 37. Rg6 Rh8 38. gxf6 Bxf6 39. Ng1 Ke7 40. Nf3 Nf8 41. Rg4 Nd7 42. Ng1 b5 43.
Nf1 bxa4 44. bxa4 Nc5 45. a5 Na4 46. Rg3 Nc3 47. Rh3 Rxh3 48. Kxh3 Qa3 49. Nf3 Qxa5 50. Qg3 Ne2 51. Qg8 Nf4+ 52. Kg4 Qc5 53. Ng5 Bxg5 54. Qxg5+ Kd7 55. f6 Ke6 56. Qg7 Qd6 57. f7 Qe7 58.
f8=Q 1-0

[Event "Late-Titled-Tuesday-Blitz-November-28-2023"]
[Site "Chess.com"]
[Date "2023.11.28"]
[Round "9"]
[White "DanylaBagrov"]
[Black "Alex_Sahakyan2006"]
[Result "1/2-1/2"]
[WhiteElo "2598"]
[BlackElo "2705"]
[TimeControl "180+1"]
[EndTime "15:42:34 PST"]
[Termination "Game drawn - insufficient material"]

1. e4 g6 2. h4 d5 3. exd5 Qxd5 4. Nc3 Qa5 5. h5 Bg7 6. d4 c6 7. h6 Bf6 8. Bc4 Nd7 9. Bb3 Nb6 10. Bd2 Qf5 11. Nf3 Be6 12. Be3 O-O-O 13. Qe2 Nd5 14. Nxd5 Bxd5 15. O-O-O e6 16. c4 Bxf3 17. Qxf3 Qxf3 18.
gxf3 Ne7 19. f4 Nf5 20. d5 exd5 21. cxd5 cxd5 22. Bxa7 d4 23. Bxf7 Rd6 24. Kb1 b6 25.
Rhe1 Kb7 26. Bxb6 Rxb6 27. Bd5+ Ka7 28. Rd3 Rhb8 29. Ra3+ Ra6 30. Rxa6+ Kxa6 31. Re6+ Rb6 32. Rxb6+ Kxb6 33. Bg8 Ne7 34. Bxh7 g5 35. fxg5 Bxg5 36. Kc2 Bxh6 37. Be4 Bg7 38. b4 Nc8 39. a4 Nd6 40.
Bd3 Kc6 41. Kb3 Kd5 42. f3 Bh6 43. a5 Kc6 44. Ka4 Bd2 45. b5+ Kc5 46. b6 Kc6 47. Be2 Nb7 48. Bb5+ Kd6 49. a6 Nc5+ 50. Ka3 Nxa6 51.
Bxa6 Kc6 52. b7 Kc7 53. Kb3 Bf4 54. Kc4 Be5 55. Kd5 Bh8 56. f4 d3 57. Bxd3 Kxb7 58. Kd6 Kc8 59. f5 Kd8 60. Bb5 Bg7 61. Ke6 Ba1 62.
Kf7 Bb2 63. Bc6 Kc7 64. f6 Kxc6 65. Ke7 Ba3+ 66. Ke8 Kd6 67. f7 Ke6 68. f8=Q Bxf8 1/2-1/2

[Event "Late-Titled-Tuesday-Blitz-November-28-2023"]
[Site "Chess.com"]
[Date "2023.11.28"]
[Round "9"]
[White "NotFischer"]
[Black "OneTrickPony_82"]
[Result "0-1"]
[WhiteElo "2355"]
[BlackElo "2492"]
[TimeControl "180+1"]
[EndTime "15:42:37 PST"]
[Termination "OneTrickPony_82 won on time"]

1. e4 e5 2. f4 d5 3. exd5 exf4 4. Nf3 Nf6 5. Bc4 Nxd5 6. O-O Be7 7. Re1 Nb6 8. Bb3 Nc6 9. d4 Na5 10. Bxf4 Nxb3 11.
axb3 Nd5 12. Bg5 O-O 13. Bxe7 Nxe7 14. c4 Ng6 15. Nc3 Bg4 16. d5 Qd6 17. Kh1 Nh4 18.
Qd3 Bxf3 19. gxf3 Rae8 20. Re4 Qf6 21. Rf1 a6 22. Qd4 Qxd4 23. Rxd4 Nf5 24. Re4 Nd6 25. Ree1 Nf5 26. Ne4 Nd4 27. Nd2 f5 28. Kg2 f4 29.
Kf2 g5 30. Rxe8 Rxe8 31. Re1 Rxe1 32. Kxe1 Kf7 33. Kf2 Kf6 34. b4 b6 35. Ne4+ Kf5 36. c5 Nc2 37. cxb6 cxb6 38. d6 Nxb4 39. d7 Nc6 40. Nd6+ Ke6 41. Nc4 Kxd7 42. Nxb6+ Kc7 43. Nd5+ Kd6 44. Nf6 h6 45. Ng8 Ke5 46. Nxh6 Nb4 47. Nf7+ Kf6 48. Nd6 Nd3+ 49. Ke2 Nxb2 50. Ne4+ Kg6 51.
Kd2 Nc4+ 52. Kc3 Ne5 53. Nd2 a5 54. Kb3 Kh5 55. Ka4 Kh4 56. Kxa5 Kh3 57. Kb4 Kxh2 58.
Kc5 Kg3 59. Kd5 Nxf3 60. Ne4+ Kg4 61. Nf2+ Kf5 62. Kc4 g4 63. Kd3 g3 64. Nh3 Kg4 65. Nxf4 Kxf4 66. Ke2 g2 0-1

[Event "Late-Titled-Tuesday-Blitz-November-28-2023"]
[Site "Chess.com"]
[Date "2023.11.28"]
[Round "9"]
[White "TigrVShlyape"]
[Black "Andrei_Skvortsov"]
[Result "0-1"]
[WhiteElo "2964"]
[BlackElo "2786"]
[TimeControl "180+1"]
[EndTime "15:42:41 PST"]
[Termination "Andrei_Skvortsov won by resignation"]

1. d4 e6 2. Bf4 Ne7 3. e3 g6 4. c3 Bg7 5. Nf3 O-O 6. h4 h6 7. Bd3 d6 8. h5 g5 9. Nxg5 hxg5 10.
Bxg5 f5 11. h6 Bf6 12. Qh5 Kh8 13. Nd2 Nd5 14. Nf3 Bd7 15. O-O-O Be8 16. Qh4 Rg8 17. Bxf6+ Qxf6 18. g3 Nc6 19. Qh2 Bg6 20. Bc2 b5 21. Nd2 Bh7 22. Rde1 Qg5 23. Qh4 Nf6 24. Qxg5 Rxg5 25.
Bd3 b4 26. Bb5 bxc3 27. Bxc6 cxd2+ 28. Kxd2 Rb8 29. b3 Rg6 30. Rc1 Rd8 31. Bb5 c5 32.
dxc5 dxc5+ 33. Ke2 Ne4 34. Rc2 Bg8 35. Bc4 e5 36. Bxg8 Kxg8 37. Rh5 Rf6 38. Rh3 Kh7 39. f3 Ng5 40. Rh5 Nf7 41. Rxc5 Rd7 42. Rc2 Nxh6 43. Rc5 Re6 44. Rh1 Kg6 45. Rd1 Rxd1 46. Kxd1 Rd6+ 47.
Ke2 Nf7 48. Rc7 a6 49. Rc5 Rb6 50. Kd3 Kf6 51. f4 Ke6 52. fxe5 Nxe5+ 53. Kd4 Rd6+ 54.
Kc3 Rd3+ 55. Kb4 Rxe3 56. Rc8 Rxg3 57. Ra8 f4 58. Rxa6+ Kf5 59. Ra8 Rg6 60. Rf8+ Rf6 61. Rxf6+ Kxf6 62. Kc3 Kf5 63. Kd2 Ke4 64. a4 Nc6 65. Ke2 f3+ 66. Kf2 Kf4 67. b4 Nxb4 68.
a5 Na6 69. Kf1 Ke3 70. Ke1 f2+ 71. Kf1 Nb4 0-1

[Event "Late-Titled-Tuesday-Blitz-November-28-2023"]
[Site "Chess.com"]
[Date "2023.11.28"]
[Round "9"]
[White "dianamirza"]
[Black "cthake"]
[Result "1/2-1/2"]
[WhiteElo "2024"]
[BlackElo "1931"]
[TimeControl "180+1"]
[EndTime "15:42:41 PST"]
[Termination "Game drawn by stalemate"]

1. e4 e6 2. d3 d5 3. Nd2 Nf6 4.
Ngf3 c5 5. g3 Be7 6. Bg2 Nc6 7.
O-O O-O 8. Re1 b5 9. h4 Qc7 10. Qe2 d4 11. e5 Nd5 12. Ne4 Nxe5 13. Nxe5 Qxe5 14. Bf4 Qf5 15. Nd6 Bxd6 16. Bxd6 Rd8 17. Bxc5 Bb7 18. Bxd4 Nf4 19. gxf4 Bxg2 20. Qe5 Qg4 21.
Re3 Bf3+ 22. Kf1 Rd5 23. Qxg7+ Qxg7 24. Bxg7 Kxg7 25. Rxf3 Kf6 26. Ke2 Rc8 27. c3 Rh5 28.
Rh3 Kf5 29. Rg1 b4 30. Rg5+ Rxg5 31. fxg5 bxc3 32. bxc3 Rxc3 33. Rf3+ Kg6 34. Rf6+ Kg7 35. h5 Ra3 36. h6+ Kg8 37. Rf4 Rxa2+ 38. Ke3 a5 39. Rc4 Kf8 40. Rc8+ Ke7 41. Rh8 a4 42. Rxh7 Ra1 43.
Rh8 Rh1 44. Ra8 Rh3+ 45. Ke2 Rh4 46. Ke3 e5 47. Ra7+ Ke6 48. Ra6+ Kf5 49. h7 Rxh7 50. Rxa4 Kxg5 51. Ra5 Kf5 52. d4 Rh3+ 53. f3 f6 54. d5 Rh8 55. d6 Rd8 56. Ra6 Ke6 57. f4 Rxd6 58. Rxd6+ Kxd6 59. fxe5+ Kxe5 60. Kf3 f5 61. Ke3 f4+ 62. Kf3 Kf5 63. Kf2 Ke4 64. Ke2 f3+ 65. Kf2 Kf4 66. Kf1 Kg3 67. Kg1 Kh3 68. Kf2 Kg4 69. Kf1 Kf5 70. Kf2 Ke4 71. Kf1 Kd3 72. Kf2 Ke4 73. Kf1 Ke3 74. Ke1 f2+ 75. Kf1 Kf3 1/2-1/2

[Event "Late-Titled-Tuesday-Blitz-November-28-2023"]
[Site "Chess.com"]
[Date "2023.11.28"]
[Round "9"]
[White "Felix-Rose"]
[Black "ural58"]
[Result "0-1"]
[WhiteElo "2324"]
[BlackElo "2465"]
[TimeControl "180+1"]
[EndTime "15:42:56 PST"]
[Termination "ural58 won by checkmate"]

1. e4 d5 2. exd5 Qxd5 3. Nc3 Qd6 4. d4 c6 5. Nf3 Bf5 6. Ne5 Nd7 7. Bf4 Nxe5 8. Bxe5 Qb4 9. Qd2 e6 10. O-O-O Nf6 11.
f3 h5 12. Bd3 Bxd3 13. Qxd3 Be7 14. h4 Qa5 15. Kb1 O-O-O 16. Ne4 Nd5 17. c3 f6 18. Bh2 Nb6 19. Rhe1 a6 20. Nd2 Bd6 21. Nb3 Qb5 22.
Bxd6 Rxd6 23. Qxb5 axb5 24. Re4 Nd7 25. Rde1 Re8 26. f4 g6 27. g3 b6 28. Nc1 c5 29. Nb3 Kc7 30. Kc2 Kc6 31. a3 Kd5 32. Nd2 f5 33. R4e3 cxd4 34. Rd3 Kc6 35. cxd4 Nf6 36.
Nf3 Kb7 37. Ne5 Rg8 38. Rc1 Ne4 39. Kd1 Rgd8 40. Ke2 Rxd4 41. Rxd4 Rxd4 42. Nxg6 Nxg3+ 43. Ke3 Rc4 44. Rd1 Ne4 45. Rd7+ Ka6 46. Re7 Rc2 47.
Rxe6 Rxb2 48. Ne5 Rb3+ 49. Ke2 Rxa3 50. Nd7 Ra2+ 51. Ke3 Ka5 52. Nxb6 Ra3+ 53. Ke2 Ng3+ 54. Ke1 b4 55. Nd5 Ra1+ 56. Kf2 Ne4+ 57. Kf3 b3 58. Re8 Nd2+ 59. Ke3 Ra2 60. Ra8+ Kb5 61. Rb8+ Kc5 62.
Nc3 Nc4+ 63. Kd3 Rd2# 0-1

[Event "Late-Titled-Tuesday-Blitz-November-28-2023"]
[Site "Chess.com"]
[Date "2023.11.28"]
[Round "9"]
[White "OparinGrigoriy"]
[Black "Msb2"]
[Result "0-1"]
[WhiteElo "3006"]
[BlackElo "3047"]
[TimeControl "180+1"]
[EndTime "15:43:03 PST"]
[Termination "Msb2 won on time"]

1. d4 d5 2. Nf3 e6 3. c4 Nf6 4.
g3 Nc6 5. Bg2 Bd6 6. O-O O-O 7.
c5 Be7 8. a3 a5 9. Nc3 b6 10. Na4 b5 11. Nc3 Ba6 12. b4 axb4 13. axb4 Nxb4 14. Rb1 Nc6 15. Nxb5 Ne4 16. Bd2 Qd7 17.
Re1 Rfb8 18. Nc3 Rxb1 19. Nxb1 Bf6 20. e3 e5 21. Nc3 exd4 22. exd4 Nxd4 23. Nxe4 dxe4 24.
Nxd4 Bxd4 25. Be3 Rd8 26. Qxd4 Qxd4 27. Bxd4 Rxd4 28. Bxe4 g6 29. Bf3 Rc4 30. h4 Rxc5 31. Re7 h5 32. Rd7 Bc4 33. Kg2 Be6 34. Rd2 Kg7 35. Be4 Rc3 36. Rb2 c5 37. Rd2 Kf6 38. Bd5 c4 39. Bxe6 Kxe6 40. Rd4 Ke5 41. Rd7 Ke6 42. Rc7 Rc1 43. Kf3 c3 44. Ke3 c2 45.
Kd3 Rd1+ 46. Kxc2 Rf1 47. Kd3 Rxf2 48. Ke3 Rf1 49. Ke2 Rf6 50. Rc5 Rf5 51. Rc6+ Kd5 52. Ra6 Ke5 53. Ra5+ Kf6 54. Ra6+ Kg7 55. Ke3 Kh6 56.
Ra8 Rf1 57. Rh8+ Kg7 58. Ra8 Rf6 59. Ra5 Kh6 60. Ra8 Rf5 61. Rh8+ Kg7 62. Ra8 f6 63.
Ra7+ Kh6 64. Ra8 g5 65. hxg5+ fxg5 66. Ra6+ Kg7 67. Ke4 Rf6 68. Ra3 Kg6 69. Rb3 g4 70.
Ra3 Kg5 71. Ra5+ Kh6 72. Ra3 h4 73. Ra8 hxg3 74. Rg8 g2 75. Rxg4 Rg6 0-1

[Event "Late-Titled-Tuesday-Blitz-November-28-2023"]
[Site "Chess.com"]
[Date "2023.11.28"]
[Round "9"]
[White "Zavgorodniy_Sergiy"]
[Black "StellarChessPro"]
[Result "1/2-1/2"]
[WhiteElo "2647"]
[BlackElo "2527"]
[TimeControl "180+1"]
[EndTime "15:43:12 PST"]
[Termination "Game drawn by stalemate"]

1. d4 a6 2. c4 c6 3. Nc3 d5 4. e3 Nf6 5. Nf3 e6 6. b3 Bb4 7. Bd2 Bxc3 8. Bxc3 Ne4 9. Bb2 O-O 10. Bd3 f5 11. O-O Nd7 12. Qc2 Ndf6 13. Ne5 Bd7 14. f3 Nd6 15. e4 fxe4 16. fxe4 dxe4 17. Be2 Be8 18. Ba3 Nf5 19. Bxf8 Qxd4+ 20. Kh1 Ne3 21. Qc1 Nxf1 22. Ba3 Ng3+ 23. hxg3 Qxe5 24. Kh2 Bh5 25. Bb2 Qf5 26. Bxf6 gxf6 27. Qe3 Rf8 28. Re1 Qg6 29. Bxh5 Qxh5+ 30. Kg1 f5 31. Qf4 Qf7 32. g4 Qg6 33.
gxf5 exf5 34. Re3 Qf6 35. Kh2 Kh8 36. g4 Qh4+ 37. Kg2 Qxg4+ 38. Qxg4 fxg4 39. Rxe4 h5 40.
Re5 Kg7 41. Rxh5 Rd8 42. Rg5+ Kf6 43. Rxg4 Rd2+ 44. Kf3 Rxa2 45. Ke4 Rb2 46. Rg3 Ke6 47. Kd4 Kd6 48. c5+ Kc7 49. Kc3 Rf2 50. Kb4 Kb8 51. Ka4 Ka7 52. b4 Ra2+ 53. Kb3 Ra1 54. Rg7 Rf1 55. Ka4 Rd1 56. Kb3 Rd3+ 57. Kc4 Rd8 58.
Kb3 Kb8 59. Ka4 Rc8 60. Ka5 Ka7 61. Rf7 Rg8 62. Ka4 Rg1 63. Kb3 Ra1 64. Kb2 Ra4 65. Kb3 Ra1 66. Kb2 Re1 67. Kc3 Re4 68. Rf8 a5 69.
bxa5 Ka6 70. Ra8+ Kb5 71. Ra7 Kxc5 72. Rxb7 Ra4 73. Ra7 Kb5 74. a6 Rxa6 75. Rxa6 Kxa6 76. Kc4 Kb6 77. Kb4 c5+ 78. Kc4 Kc6 79. Kc3 Kd5 80.
Kd3 Kc6 81. Kc4 Kb6 82. Kc3 Kb5 83. Kb3 c4+ 84. Kc3 Kc5 85. Kc2 Kb4 86. Kb2 Kc5 87. Kc3 Kd5 88. Kc2 Kd4 89. Kd2 Kc5 90. Kc3 Kb5 91. Kc2 Kb4 92. Kb2 c3+ 93. Kc2 Kc4 94. Kc1 Kd3 95. Kd1 Kc4 96. Kc2 Kb4 97. Kc1 Kb3 98.
Kb1 c2+ 99. Kc1 Kc3 1/2-1/2

[Event "Late-Titled-Tuesday-Blitz-November-28-2023"]
[Site "Chess.com"]
[Date "2023.11.28"]
[Round "9"]
[White "wanyaland"]
[Black "Heinza9"]
[Result "0-1"]
[WhiteElo "2434"]
[BlackElo "2351"]
[TimeControl "180+1"]
[EndTime "15:43:23 PST"]
[Termination "Heinza9 won by checkmate"]

1. d4 f5 2. g3 Nf6 3. Bg2 g6 4.
Nf3 Bg7 5. O-O O-O 6. c4 d6 7.
Nc3 Qe8 8. Rb1 c6 9. b4 e5 10. b5 e4 11. Ne1 d5 12. bxc6 bxc6 13. Ba3 Rf7 14. cxd5 cxd5 15. Nb5 Bf8 16. Bxf8 Qxf8 17. Nc2 Nc6 18. Ne3 Be6 19. Qd2 Rb7 20. Rfc1 Nd8 21.
Nc7 Rxb1 22. Rxb1 Rc8 23. Nxe6 Nxe6 24. Rb7 Rc7 25. Rxc7 Nxc7 26. Qa5 Qb8 27. h3 Qb6 28. Qxb6 axb6 29. Nc2 Kf7 30. e3 Ke6 31. Bf1 Kd6 32.
Nb4 Nd7 33. Be2 b5 34. Kf1 Nb6 35. Ke1 Nc4 36. Kd1 Na8 37. Na6 Nab6 38. Nc5 Nd7 39. Nb3 Ndb6 40. Kc2 Na4 41. h4 Kc6 42. g4 b4 43. g5 Na3+ 44. Kd2 Nc3 45. Nc1 Nc4+ 46. Kc2 Kb5 47. Kb3 Nxe2 48. Nxe2 Nd2+ 49. Kc2 Nf3 50. Nf4 Kc4 51. h5 gxh5 52. Nxh5 Nxg5 53. Nf6 Nh3 54.
Nxh7 Nxf2 55. Ng5 Ng4 56. Kd2 b3 57. axb3+ Kxb3 58. Ne6 Kc4 59. Nc7 f4 60. exf4 Kxd4 61. Ne6+ Kc4 62. f5 d4 63. Ke2 Kd5 64. Ng7 Ke5 65. f6 Nxf6 66. Kd2 d3 67. Ke3 Nd5+ 68. Kd2 Kf4 69. Ne6+ Kf3 70. Nc5 Nf4 71. Kc3 e3 72. Nxd3 Nxd3 73. Kxd3 e2 74. Kd2 Kf2 75. Kd3 e1=Q 76.
Kc4 Qe5 77. Kd3 Kf3 78. Kd2 Ke4 79. Kc2 Qd4 80. Kb3 Qc5 81. Ka2 Kd3 82. Kb2 Qb4+ 83. Ka2 Kc2 84. Ka1 Qa3# 0-1